AoeStats
← blaswichj

Arabia

510419735Analyzed
1v1 RM · 2d ago on Sep 30, 2026· 32m 14s· 2 players
Game mode
Random Map
Map size
Tiny (2 player)
Population
200
Speed
Normal
Resources
Standard
Victory
Conquest
Starting age
Dark Age
Ending age
Imperial Age
RankedLock teamsTeams togetherTeam positionsShared explorationLock speedFull tech treeHidden civsTurbo modeCheats
Victory
Defeat
🇺🇸 Wu · United States
659
+18
🇻🇪 Malay · Venezuela
694
-34
1800ThroatGoat
10:10 Feudal Age
8:27 Loom
11:01 Double-Bit Axe
10:59 Horse Collar
14:06 Town Watch
25:19 Castle Age
24:50 Wheelbarrow
24:28 Gold Mining
24:31 Stone Mining
27:54 Fletching
28:05 Padded Archer Armor
28:50 Red Cliffs Tactics
blaswichj
5:50 Loom
11:17 Feudal Age
11:46 Double-Bit Axe
13:58 Man-at-Arms
15:11 Arson
22:36 Horse Collar
26:29 Castle Age
25:45 Forging
28:05 Wheelbarrow
27:34 Heavy Plow
27:54 Bow Saw
27:37 Long Swordsman
29:21 Town Watch
30:19 Squires
31:20 Iron Casting
Connection lost

Rejoining the realm…

Still unreachable

The connection could not be restored.

Session expired

The server has moved on; the page needs a fresh start.